 Dungeon Crawl Stone Soup version 0.29.0-5-ge4962eb29e (webtiles) character file.

Game seed: 14792279081359574821

177437 ragingrage the Severer (level 17, -23/162 HPs)
             Began as a Minotaur Gladiator on Aug 29, 2022.
             Was the Champion of Okawaru.
             Killed from afar by Roxanne (33 damage)
             ... with a bolt of magma
             ... on level 1 of the Shoals on Aug 30, 2022.
             The game lasted 00:57:09 (32642 turns).

ragingrage the Severer (Minotaur Gladiator)        Turns: 32642, Time: 00:57:10

Health: -23/162    AC: 21    Str: 33    XL:     17   Next: 25%
Magic:  29/31      EV: 11    Int:  5    God:    Okawaru [******]
Gold:   1337       SH:  8    Dex: 17    Spells: 16/16 levels left

rFire   + . .      SeeInvis .   a - +7 broad axe of Excruciating Pain {flame, Will+}
rCold   . . .      Faith    .   E - +2 buckler {rN+}
rNeg    + . .      Spirit   .   P - +4 chain mail {rF+}
rPois   +          Reflect  .   c - +0 hat {Will+}
rElec   .          Harm     .   h - +1 cloak of Boixip {Dex+4}
rCorr   .          Rampage  .   (no gloves)
Will    +++..                   U - +1 pair of boots of the Game Afoot {MP+9 Str+7}
Stlth   ..........              F - amulet of regeneration
HPRegen 1.17/turn               N - +4 ring of slaying
MPRegen 0.22/turn               R - ring of poison resistance

@: finesse-ful, engulfed (cannot breathe)
A: horns 2, retaliatory headbutt
}: 1/15 runes: gossamer
a: Renounce Religion, Heroism, Finesse, Duel


You were on level 1 of the Shoals.
You worshipped Okawaru.
Okawaru was exalted by your worship.
You visited 6 branches of the dungeon, and saw 28 of its levels.
You also visited: Ossuary and Volcano.

You collected 2327 gold pieces.
You spent 990 gold pieces at shops.

Inventory:

Hand Weapons
 a - the +7 broad axe of Excruciating Pain (weapon) {flame, Will+}
   (Okawaru gifted it to you on level 5 of the Lair of Beasts)

   It burns those it strikes, dealing additional fire damage.
   Big, fiery blades are also staple armaments of hydra-hunters.
   Will:      It increases your willpower.
 b - the +6 broad axe of Fortitude {vamp, *Slow Str+2 Dex+3 Stlth+}
   (You found it on level 11 of the Dungeon)

   It occasionally heals its wielder for a portion of the damage dealt when it
   wounds a living foe.
   Str:       It affects your strength (+2).
   Dex:       It affects your dexterity (+3).
   *Slow:     It may slow you when you take damage.
   Stlth:     It makes you more stealthy.
 C - a +4 broad axe of draining
 S - the +1 hand axe of Destruction {antimagic, rC+++ Will+ SInv}
   (Okawaru gifted it to you in a volcano)

   It reduces the magical energy of the wielder, and disrupts the spells and
   magical abilities of those it strikes.
   Natural abilities and divine invocations are not affected.
   rC:        It renders you almost immune to cold.
   SInv:      It lets you see invisible.
   Will:      It increases your willpower.
Missiles
 d - 8 throwing nets
 e - 10 javelins
 g - 23 poisoned darts (quivered)
 A - 3 curare-tipped darts
 J - 21 boomerangs
 Y - 8 boomerangs of dispersal
Armour
 c - a +0 hat of willpower (worn)
 h - the +1 cloak of Boixip (worn) {Dex+4}
   (Okawaru gifted it to you on level 12 of the Dungeon)

   Dex:       It affects your dexterity (+4).
 E - a +2 buckler of positive energy (worn)
 P - a +4 chain mail of fire resistance (worn)
 U - the +1 pair of boots of the Game Afoot (worn) {MP+9 Str+7}
   (Okawaru gifted it to you on level 1 of the Lair of Beasts)

   Str:       It affects your strength (+7).
   MP:        It affects your magic capacity (+9).
Jewellery
 f - a ring of see invisible
 F - an amulet of regeneration (around neck)
 N - a +4 ring of slaying (left hand)
 R - a ring of poison resistance (right hand)
 Z - a ring of willpower
Wands
 r - a wand of roots (14)
 G - a wand of digging (3)
 L - a wand of polymorph (13)
 O - a wand of light (4)
 T - a wand of mindburst (10)
 X - a wand of flame (17)
Scrolls
 i - a scroll of silence {unknown}
 q - 2 scrolls of fear {unknown}
 t - 3 scrolls of enchant armour {unknown}
 u - 5 scrolls of vulnerability {unknown}
 w - 7 scrolls of teleportation {unknown}
 x - a scroll of summoning {unknown}
 y - 3 scrolls of amnesia {unknown}
 z - a scroll of torment {unknown}
 H - 6 scrolls of blinking {unknown}
Potions
 l - 8 potions of heal wounds {unknown}
 m - 12 potions of curing {unknown}
 n - a potion of attraction {unknown}
 o - 7 potions of might
 p - 3 potions of cancellation {unknown}
 s - 3 potions of haste
 B - a potion of flight {unknown}
 D - 3 potions of brilliance {unknown}
 I - 3 potions of lignification {unknown}
 K - 4 potions of mutation {unknown}
 M - 2 potions of magic {unknown}
 Q - a potion of resistance {unknown}
 W - 4 potions of ambrosia
Miscellaneous
 v - a phial of floods (inert)
 V - a condenser vane (inert)


   Skills:
 * Level 17.4 Fighting
 - Level 20.0 Axes
 - Level 12.0 Throwing
 + Level 12.3 Armour
 - Level 5.0 Dodging
 + Level 7.6 Shields
 + Level 9.3 Invocations
 + Level 12.1 Evocations


You had 16 spell levels left.
You didn't know any spells.
Your spell library contained the following spells:

 Spells                   Type           Power      Damage    Failure   Level
 Blink                    Tloc           0%         N/A       97%         2
 Ensorcelled Hibernation  Hex/Ice        0%         N/A       97%         2
 Passwall                 Tmut/Erth      0%         N/A       97%         2
 Sublimation of Blood     Necr           0%         N/A       97%         2
 Ignite Poison            Fire/Tmut/Pois 0%         N/A       100%        3
 Lesser Beckoning         Tloc           0%         N/A       100%        3
 Mephitic Cloud           Conj/Pois/Air  0%         N/A       100%        3
 Ozocubu's Armour         Ice            0%         N/A       100%        3
 Spider Form              Tmut/Pois      0%         N/A       100%        3
 Swiftness                Air            0%         N/A       100%        3
 Anguish                  Hex/Necr       0%         N/A       100%        4
 Passage of Golubria      Tloc           0%         N/A       100%        4
 Petrify                  Tmut/Erth      0%         N/A       100%        4
 Alistair's Intoxication  Tmut/Pois      0%         N/A       100%        5
 Blade Hands              Tmut           0%         N/A       100%        5
 Borgnjor's Vile Clutch   Necr/Erth      0%         N/A       100%        5
 Freezing Cloud           Conj/Ice/Air   0%         6-21      100%        5
 Irradiate                Conj/Tmut      0%         3d11      100%        5
 Manifold Assault         Tloc           0%         N/A       100%        5
 Metabolic Englaciation   Hex/Ice        0%         N/A       100%        5
 Silence                  Hex/Air        0%         N/A       100%        5
 Eringya's Noxious Bog    Tmut/Pois      0%         N/A       100%        6
 Iron Shot                Conj/Erth      0%         9d1       100%        6
 Statue Form              Tmut/Erth      0%         N/A       100%        6
 Ozocubu's Refrigeration  Ice            0%         4d7       100%        7
 Lehudib's Crystal Spear  Conj/Erth      0%         10d2      100%        8
 Polar Vortex             Ice            0%         N/A       100%        9
 Animate Armour           Summ/Erth      Unusable   N/A       N/A         4
 Simulacrum               Ice/Necr       Unusable   N/A       N/A         6

Dungeon Overview and Level Annotations

Branches:
Dungeon (15/15)            Temple (1/1) D:6            Lair (5/5) D:10
 Shoals (1/4) Lair:2       Spider (4/4) Lair:3        Slime (0/5) Lair:5
    Orc (2/2) D:9             Elf (0/3) Orc:2        Vaults (0/5) D:13
 Depths (0/4) D:15        Ossuary (visited)         Volcano (visited)

Altars:
Ashenzari
Cheibriados
Fedhas
Gozag
Hepliaklqana
Kikubaaqudgha
Nemelex Xobeh
Okawaru
Qazlal
Ru
Sif Muna
Trog
Uskayaw
Vehumet
Wu Jian
Xom
Lugonu

Shops:
D:1 (   D:15 (   Orc:2 *(=[=

Portals:
Abyss: Lair:5

Annotations:
D:3 3 runed translucent doors, howech's ghost, amateur MeFi
D:5 1 runed translucent door, Crazy Yiuf
D:6 exclusion: downstairs
Lair:2 exclusion: downstairs
Shoals:1 Roxanne
Spider:2 exclusion: downstairs
Spider:4 1 runed translucent door, gdog's ghost, adept GnDe
Orc:2 1 runed translucent door, Renzlar's ghost, journeyman GnFi


Innate Abilities, Weirdness & Mutations

You have a pair of horns on your head.
You reflexively headbutt those who attack you in melee.


Message History

You barely miss the water elemental. The water elemental hits you!
The water elemental engulfs you in water!
You slip free of the water engulfing you.
Your lungs strain for air!
Roxanne casts a spell.
You blink.
You block the snapping turtle's attack.
The centaur warrior shoots an arrow.
The arrow hits you! The water elemental hits you.
You slice the snapping turtle!! You burn the snapping turtle!
Your headbutt misses the snapping turtle.
The snapping turtle is severely wounded.
You hit the water elemental. You burn the water elemental.
Your lungs strain for air!
You block the snapping turtle's attack.
The centaur warrior shoots an arrow.
The arrow hits you!
* * * LOW HITPOINT WARNING * * *
Unknown command.
You cannot read scrolls while unable to breathe!
Unknown command.
Okay, then.
You slip free of the water engulfing you.
* * * LOW HITPOINT WARNING * * *
Your lungs strain for air!
The centaur warrior shoots an arrow.
The arrow barely misses you. The water elemental hits you.
Roxanne casts a spell.
The iron shot hits you!!
* * * LOW HITPOINT WARNING * * *
The snapping turtle bites you but does no damage.
Unknown command.
Clouds of poison gas condense around you!
The condenser dries out!
* * * LOW HITPOINT WARNING * * *
Your lungs strain for air!
The centaur warrior is engulfed in poison gas.
The centaur warrior is poisoned.
The centaur warrior shoots an arrow.
The arrow barely misses you. The water elemental hits you.
Roxanne casts a spell.
The bolt of magma hits you!! You partially resist.
You die...

#.....~~~~~~~~
.###..~.~~!)......
......~§§§~.......
..?....§c§........
(......§§§........
..!$.........!...P
##................
#.....§§§§.......
.......§tE@~~...PP
.......§§8§~~~~~..
........§§§~~~~~~~
(.....).<.~~~~~~~~
.(~......~~~~~~~~~
~~.....~~~~~~~~~P
.~....~~~~~~~~~≈≈
~.....~~~~~~~≈≈≈≈
~......~~~~~~~≈~~


You could see Roxanne, a snapping turtle, a centaur warrior (poisoned) and a
water elemental.

Vanquished Creatures
  Agnes (D:15)
  Frances (D:13)
  5 emperor scorpions
  An orc warlord (Orc:2)
  4 ghost moths
  2 broodmothers
  3 entropy weavers (Spider:4)
  A red draconian (Volcano)
  3 spark wasps
  The ghost of nickcage the Bludgeoner, a journeyman MiAK of Lugonu (D:11)
  Harold (D:10)
  7 hydras
  5 boulder beetles
  3 vault guards (D:13)
  A jorogumo (Spider:1)
  An ogre mage (Volcano)
  2 radroaches
  A catoblepas (D:14)
  2 death knights
  8 two-headed ogres
  5 centaur warriors
  3 tengu warriors
  7 orc high priests (Orc:2)
  3 thrashing horrors (Lair:5)
  Nergalle (Orc:1)
  4 pharaoh ants
  3 skeletal warriors (D:15)
  Amaemon (D:8)
  6 steelbarb worms
  10 orb spiders
  2 orc knights
  A deep elf pyromancer (D:15)
  A necromancer (D:15)
  A wizard (D:15)
  2 large abominations (Lair:5)
  2 phantasmal warriors (D:15)
  2 orc sorcerers (Orc:2)
  4 ugly things
  A lindwurm (shapeshifter) (Lair:5)
  15 wolf spiders
  4 moths of wrath
  2 cyclopes
  7 manticores
  5 black mambas
  8 elephants
  2 gargoyles
  A naga mage (D:15)
  Joseph (D:7)
  4 torpor snails
  An orange demon (D:8)
  4 rime drakes
  18 cane toads
  An unseen horror (D:11)
  3 demonic crawlers
  Maggie (D:10)
  A cane toad (shapeshifter) (Lair:5)
  2 freezing wraiths (D:15)
  10 komodo dragons
  2 tengu conjurers
  An ancient zyme (Lair:5)
  5 hornets (Spider:4)
  A troll (shapeshifter) (Lair:5)
  3 trolls
  4 meliai
  24 tarantellas
  3 polar bears
  Prince Ribbit (Lair:1)
  27 blink frogs
  Grinder (D:3)
  6 dream sheep (Lair:4)
  30 slime creatures
  Sigmund (D:6)
  25 jumping spiders
  2 centaur simulacra (D:15)
  30 culicivoras
  A spriggan (Lair:5)
  4 wyverns
  4 ynoxinuls (Lair:5)
  2 wraiths
  72 yaks
  8 fire bats (Volcano)
  A vampire (D:11)
  60 redbacks
  8 basilisks
  Grum (Lair:1)
  10 small abominations (Lair:5)
  21 vampire mosquitoes
  Menkaure (D:7)
  4 acid dragons
  A warg (Orc:1)
  13 water moccasins
  2 black bears
  45 orc warriors
  A sky beast (D:8)
  4 ogres
  14 wolves
  4 boggarts (D:14)
  12 centaurs
  An elf zombie (Ossuary)
  2 phantoms
  2 kobold brigands
  4 scorpions
  12 bullfrogs
  5 wights (D:7)
  17 killer bees
  4 electric eels
  2 howler monkeys (D:12)
  3 centaur zombies
  8 lava snakes (Volcano)
  A gnoll bouda (D:6)
  2 jellies
  A human zombie (Ossuary)
  17 orc priests
  7 hounds
  2 iguanas
  23 orc wizards
  A boggart simulacrum (D:15)
  2 mummies (Ossuary)
  7 gnolls
  8 adders
  2 shadow imps
  A white imp (D:7)
  2 adder zombies (Ossuary)
  A dart slug (D:2)
  87 orcs
  5 ball pythons
  5 endoplasms
  2 giant cockroaches (D:2)
  8 goblins
  5 hobgoblins
  2 quokkas (D:2)
  8 bats
  6 frilled lizards
  2 goblin zombies (Ossuary)
  6 hobgoblin zombies (Ossuary)
  A jackal zombie (Ossuary)
  21 kobolds
  14 kobold zombies (Ossuary)
  6 orc zombies (Ossuary)
  6 rats
  A rat zombie (Ossuary)
983 creatures vanquished.

Vanquished Creatures (others)
  A bush (Lair:5)
  30 fungi
  60 plants
91 creatures vanquished.

Grand Total: 1074 creatures vanquished

Notes
Turn   | Place    | Note
-------+----------+-------------------------------------------
     0 | D:1      | ragingrage the Minotaur Gladiator began the quest for the
                  | Orb.
     0 | D:1      | Reached XP level 1. HP: 18/18 MP: 0/0
   134 | D:1      | Reached skill level 4 in Axes
   279 | D:1      | Reached XP level 2. HP: 25/25 MP: 1/1
   339 | D:1      | Found a faded altar of an unknown god.
   485 | D:1      | Found Uxkybey's Antique Weapon Emporium.
   708 | D:2      | Reached skill level 5 in Axes
   788 | D:2      | Reached XP level 3. HP: 30/30 MP: 2/2
  1643 | D:3      | Reached XP level 4. HP: 35/37 MP: 3/3
  1646 | D:3      | Reached skill level 6 in Axes
  1917 | D:3      | Found a runed translucent gate.
  1920 | D:3      | Found a runed translucent gate.
  1920 | D:3      | Found an opulent altar of Gozag.
  1921 | D:3      | Found a runed translucent gate.
  1961 | D:3      | Noticed Grinder
  1976 | D:3      | Paralysed by Grinder for 3 turns
  1978 | D:3      | HP: 1/37 [Grinder (4)]
  1982 | D:3      | Killed Grinder
  1983 | D:3      | Reached skill level 8 in Axes
  1983 | D:3      | Reached XP level 5. HP: 2/42 MP: 4/4
  1983 | D:3      | Reached XP level 6. HP: 2/50 MP: 5/5
  2321 | D:3      | Noticed howech's ghost (amateur MeFi)
  2324 | D:3      | Noticed an ice beast
  2913 | D:4      | Found a broken altar of Ashenzari.
  2926 | D:4      | Found a bloodstained altar of Trog.
  2933 | D:4      | Reached skill level 9 in Axes
  3368 | D:5      | Entered Level 5 of the Dungeon
  3400 | D:5      | Reached XP level 7. HP: 36/56 MP: 6/6
  3526 | D:5      | Reached skill level 10 in Axes
  4005 | D:5      | Found a blossoming altar of Fedhas.
  4148 | D:5      | Reached skill level 11 in Axes
  4404 | D:5      | Noticed a two-headed ogre
  4421 | D:5      | Killed a two-headed ogre
  4422 | D:5      | Reached skill level 13 in Axes
  4422 | D:5      | Reached XP level 8. HP: 37/62 MP: 7/7
  4574 | D:5      | Found a runed translucent door.
  4575 | D:5      | Noticed Crazy Yiuf
  4775 | D:6      | Noticed Sigmund
  4785 | D:6      | Killed Sigmund
  5059 | D:6      | Reached skill level 14 in Axes
  5167 | D:6      | You fall into a shaft and drop 1 floor!
  5301 | D:7      | Reached XP level 9. HP: 59/68 MP: 8/8
  5358 | D:7      | Found a sand-covered staircase.
  5486 | Ossuary  | Entered an ossuary
  5698 | Ossuary  | Reached skill level 15 in Axes
  5994 | D:6      | Reached skill level 1 in Armour
  6320 | D:6      | Found a staircase to the Ecumenical Temple.
  6329 | Temple   | Entered the Ecumenical Temple
  6361 | Temple   | Became a worshipper of Warmaster Okawaru
  6993 | D:7      | Noticed Joseph
  7017 | D:7      | Noticed Menkaure
  7024 | D:7      | Killed Menkaure
  7181 | D:8      | Reached skill level 5 in Fighting
  7561 | D:7      | Reached * piety under Okawaru
  7767 | D:8      | Found an ornate altar of the Wu Jian Council.
  7887 | D:8      | Noticed an orange demon
  7888 | D:8      | Noticed Amaemon
  7909 | D:8      | Killed Amaemon
  7910 | D:8      | Reached XP level 10. HP: 50/86 MP: 6/9
  7915 | D:8      | Killed an orange demon
  8136 | D:9      | Reached ** piety under Okawaru
  8280 | D:9      | Found a staircase to the Orcish Mines.
  8305 | D:9      | Reached skill level 5 in Armour
  8664 | D:9      | Reached skill level 16 in Axes
  8666 | D:9      | Reached *** piety under Okawaru
  8893 | D:10     | Entered Level 10 of the Dungeon
  9104 | D:10     | Identified the +10 spear "Laptoschu" {freeze, rPois}
  9200 | D:10     | Found a staircase to the Lair.
  9239 | D:10     | Reached skill level 10 in Fighting
  9324 | D:10     | Noticed Harold
  9363 | D:10     | Killed Harold
  9363 | D:10     | Reached **** piety under Okawaru
  9404 | D:9      | Reached XP level 11. HP: 85/101 MP: 10/10
  9702 | D:10     | Reached skill level 1 in Invocations
 10049 | D:11     | Reached ***** piety under Okawaru
 10219 | D:11     | Received a gift from Okawaru
 10294 | D:11     | Noticed a two-headed ogre
 10307 | D:11     | Killed a two-headed ogre
 10383 | D:11     | Found a shimmering blue altar of Sif Muna.
 10467 | D:11     | Found a runed translucent gate.
 10468 | D:11     | Found a runed translucent gate.
 10468 | D:11     | Noticed nickcage's ghost (journeyman MiAK)
 10468 | D:11     | Noticed a 12-headed hydra
 10468 | D:11     | Noticed a ten-headed hydra
 10469 | D:11     | Found a runed translucent gate.
 10665 | D:11     | Noticed a two-headed ogre
 10674 | D:11     | Killed a two-headed ogre
 10675 | D:11     | Reached skill level 5 in Dodging
 10961 | D:11     | Received a gift from Okawaru
 11382 | Lair:1   | Entered Level 1 of the Lair of Beasts
 11382 | Lair:1   | Noticed Maggie
 11382 | Lair:1   | Noticed Prince Ribbit
 11387 | D:10     | Killed Maggie
 11409 | Lair:1   | Reached XP level 12. HP: 101/115 MP: 14/14
 11412 | Lair:1   | Killed Prince Ribbit
 11571 | Lair:1   | Reached skill level 5 in Invocations
 11639 | Lair:1   | Noticed Grum
 11651 | Lair:1   | Killed Grum
 11911 | Lair:1   | Reached skill level 10 in Armour
 11936 | Lair:1   | Identified the +1 pair of boots of the Game Afoot {MP+9
                  | Str+7} (Okawaru gifted it to you on level 1 of the Lair of
                  | Beasts)
 11936 | Lair:1   | Received a gift from Okawaru
 12780 | Lair:2   | Reached skill level 15 in Fighting
 12781 | Lair:2   | Found a staircase to the Shoals.
 13066 | Lair:2   | Noticed a six-headed hydra
 13070 | Lair:2   | Reached skill level 5 in Throwing
 13081 | Lair:2   | Killed a three-headed hydra
 13218 | Lair:2   | Reached XP level 13. HP: 109/127 MP: 17/17
 13891 | D:7      | Killed Joseph
 14121 | D:1      | Bought an ichor-stained battleaxe for 310 gold pieces
 14121 | D:1      | Identified the +1 battleaxe of Demonic Conscience {protect,
                  | Will+ rCorr Int+3} (You bought it in a shop on level 1 of
                  | the Dungeon)
 14751 | Lair:3   | Found a hole to the Spider Nest.
 14782 | Lair:3   | Reached skill level 1 in Shields
 14869 | Lair:3   | Reached skill level 1 in Evocations
 14887 | Lair:3   | Received a gift from Okawaru
 15953 | Lair:4   | Reached ****** piety under Okawaru
 16556 | Lair:5   | Entered Level 5 of the Lair of Beasts
 17041 | D:11     | Killed nickcage's ghost
 17045 | D:11     | Identified the +6 broad axe of Fortitude {vamp, *Slow Str+2
                  | Dex+3 Stlth+}
 17504 | Lair:5   | Found a staircase to the Slime Pits.
 17562 | Lair:5   | Reached XP level 14. HP: 128/138 MP: 18/18
 17632 | Lair:5   | Received a gift from Okawaru
 17692 | Lair:5   | Reached skill level 5 in Shields
 17775 | Lair:5   | Received a gift from Okawaru
 18014 | Lair:5   | Identified the +7 broad axe of Excruciating Pain {flame,
                  | Will+} (Okawaru gifted it to you on level 5 of the Lair of
                  | Beasts)
 18014 | Lair:5   | Received a gift from Okawaru
 18015 | Lair:5   | Reached skill level 17 in Axes
 18881 | Lair:5   | Found a corrupted altar of Lugonu.
 18881 | Lair:5   | Found a one-way gate to the infinite horrors of the Abyss.
 19493 | D:12     | Identified the +1 cloak of Boixip {Dex+4} (Okawaru gifted
                  | it to you on level 12 of the Dungeon)
 19493 | D:12     | Received a gift from Okawaru
 19829 | D:12     | Reached skill level 18 in Axes
 20180 | D:12     | Identified the +3 scale mail of the Fiend {Harm rPois
                  | Regen+ Str+4}
 21200 | Spider:1 | Entered Level 1 of the Spider Nest
 21225 | Spider:1 | Reached skill level 19 in Axes
 21245 | Spider:1 | Noticed a broodmother
 21260 | Spider:1 | Killed a broodmother
 21307 | Spider:1 | Reached XP level 15. HP: 147/147 MP: 20/20
 21469 | Spider:1 | Identified the +4 dagger of Earthquakes {flame, rPois rC+
                  | Int-4}
 22033 | Spider:2 | Reached skill level 20 in Axes
 22044 | Spider:2 | Identified the +4 ring mail "Vowivom" {+Blink rF+} (Okawaru
                  | gifted it to you on level 2 of the Spider Nest)
 22044 | Spider:2 | Received a gift from Okawaru
 22120 | Spider:2 | Noticed an emperor scorpion
 22130 | Spider:2 | Killed an emperor scorpion
 22131 | Spider:2 | Reached skill level 5 in Evocations
 23296 | Orc:1    | Entered Level 1 of the Orcish Mines
 23318 | Orc:1    | Noticed Nergalle
 23331 | Orc:1    | Killed Nergalle
 23566 | Orc:2    | Entered Level 2 of the Orcish Mines
 23602 | Orc:2    | Found Vupposits's Antique Armour Shop.
 23611 | Orc:2    | Noticed an orc warlord
 23648 | Orc:2    | Killed an orc warlord
 23691 | Orc:2    | Found Hudgho's Jewellery Emporium.
 23722 | Orc:2    | Found a staircase to the Elven Halls.
 23819 | Orc:2    | Found a runed translucent door.
 23820 | Orc:2    | Noticed Renzlar's ghost (journeyman GnFi)
 23838 | Orc:2    | Found Peafoa Ohim's Jewellery Boutique.
 23866 | Orc:2    | Found a dark tunnel.
 23947 | Volcano  | Entered a volcano
 24126 | Volcano  | Identified the +1 hand axe of Destruction {antimagic, rC+++
                  | Will+ SInv} (Okawaru gifted it to you in a volcano)
 24126 | Volcano  | Received a gift from Okawaru
 24154 | Volcano  | Found a burning altar of Makhleb.
 24361 | Orc:2    | Bought an encrusted ring mail for 198 gold pieces
 24361 | Orc:2    | Identified the +3 ring mail of the Forest {Contam rCorr
                  | Int+8} (You bought it in a shop on level 2 of the Orcish
                  | Mines)
 24467 | Orc:2    | Found Cahaumie's General Store.
 24485 | Orc:2    | Found Afitute's Antique Weapon Boutique.
 24513 | Orc:2    | Bought a runed broad axe for 168 gold pieces
 24530 | Orc:2    | Bought a +2 buckler of positive energy for 314 gold pieces
 25734 | Spider:3 | Identified the +0 cloak "Riypnim" {Harm rC+ Str-4 Stlth+}
                  | (Okawaru gifted it to you on level 3 of the Spider Nest)
 25734 | Spider:3 | Received a gift from Okawaru
 25908 | Spider:2 | Reached XP level 16. HP: 141/155 MP: 21/21
 26544 | Spider:4 | Entered Level 4 of the Spider Nest
 26645 | Spider:4 | Reached skill level 10 in Throwing
 27320 | Spider:4 | Found a runed translucent door.
 27322 | Spider:4 | Noticed gdog's ghost (adept GnDe)
 28130 | Spider:4 | Reached skill level 10 in Evocations
 28187 | Spider:4 | Received a gift from Okawaru
 28283 | Spider:4 | Received a gift from Okawaru
 28809 | Spider:4 | Got a gossamer rune of Zot
 29667 | D:13     | Noticed Frances
 29683 | D:13     | Killed Frances
 29988 | D:13     | Found a gate to the Vaults.
 30001 | D:13     | Received a gift from Okawaru
 30506 | D:14     | Received a gift from Okawaru
 30609 | D:14     | Reached XP level 17. HP: 79/161 MP: 22/22
 31150 | D:15     | Entered Level 15 of the Dungeon
 31174 | D:15     | Received a gift from Okawaru
 31174 | D:15     | Found the +3 pair of seven-league boots {Rampage+∞}
 31411 | D:15     | Noticed Agnes
 31420 | D:15     | Killed Agnes
 31510 | D:15     | Found Unleesm's Weapon Emporium.
 32146 | D:15     | Found a staircase to the Depths.
 32624 | Shoals:1 | Entered Level 1 of the Shoals
 32624 | Shoals:1 | Identified Roxanne's Papyrus of Shapeshifting
 32624 | Shoals:1 | Noticed Roxanne
 32642 | Shoals:1 | Killed from afar by Roxanne

Illustrated notes

Levels and vault maps discovered:
D:1:      minmay_arrival_up_and_down, layout_rooms,
          ebering_ecumenical_altar_hall, serial_shops, nicolae_lakefront_shop,
          patterned_corridor
D:2:      layout_loops_ring, minmay_tripent
D:3:      layout_basic, ebering_ghost_gozag, chequers_serial_rivers_small_a,
          uniq_grinder
D:4:      layout_rooms, mainiacjoe_overflow_large_starburst
D:5:      layout_gridville, fedhas_altar_fruit_tree, minivault_24,
          uniq_crazy_yiuf_cottage
D:6:      layout_loops_ring, minmay_temple_entry_glass, uniq_sigmund
D:7:      layout_rooms, enter_ossuary_5, uniq_menkaure, uniq_joseph
D:8:      layout_basic, nicolae_wu_jian_immortal_techniques, uniq_amaemon
D:9:      layout_long_grid, david_orc_2
D:10:     layout_roguey, lair_entry_dummy, uniq_harold
D:11:     layout_loops_corners, gammafunk_ghost_hydra_chop,
          kennysheep_orc_sif_temple
D:12:     layout_loops_corners
D:13:     layout_basic, lightli_vaults_fourway_checkpoint, special_room
          [special_room_orc], uniq_frances
D:14:     layout_big_octagon
D:15:     grunt_enter_depths_magical_seal, layout_stronghold,
          chequers_big_river, serial_shops, nicolae_shop_bloodbath_and_beyond,
          uniq_agnes
Temple:   compressed_dpeg_circular_temple
Lair:1:   layout_cave_shapes, uniq_maggie, uniq_prince_ribbit2, uniq_grum
Lair:2:   layout_cave_pods, elwin_shoals_entry_rocks, nzn_random_ring
Lair:3:   layout_misc_corridors, spider_nest_entry_webs, lemuel_old_faithful
Lair:4:   layout_cellular_growth
Lair:5:   hellmonk_lair_end_abyssal_woods, layout_gridlike,
          minmay_slime_entry_pillars, serial_forest, infiniplex_forest_zigzag_2,
          infiniplex_forest_clump_small, infiniplex_forest_lined_3,
          infiniplex_forest_straight_2, infiniplex_forest_clump_double,
          infiniplex_forest_zigzag_1, infiniplex_forest_lined_2,
          infiniplex_staircase_pool_2
Shoals:1: layout_shoals, uniq_roxanne, uniq_josephine
Spider:1: layout_spider_delve
Spider:2: layout_cave_pods, hellmonk_narrow_tunnel
Spider:3: layout_spider_delve, nicolae_spider_twisty_arc_passages
Spider:4: spider_rune_water, ebering_ghost_inner_flame
Orc:1:    layout_caves, nicolae_orc_rockfall, david_defended_altar_orc,
          uniq_nergalle
Orc:2:    grunt_orc_gardens, layout_diamond_mine, grunt_orc_garden,
          grunt_orc_garden, grunt_orc_garden, grunt_orc_garden, serial_shops,
          nicolae_shop_behind_doors, nicolae_volcano_entry_lava_flow,
          gammafunk_ghost_grave, mines2_david

Skill      XL: |  1  2  3  4  5  6  7  8  9 10 11 12 13 14 15 16 17 |
---------------+----------------------------------------------------+-----
Axes           | 4 5 8 9 13 14 15 16 19 20 | 20.0
Fighting       | 7 10 13 15 16 17 | 17.4
Armour         | 4 7 9 10 12 | 12.3
Invocations    | 4 6 7 9 |  9.3
Dodging        | 5 |  5.0
Throwing       | 5 6 9 12 | 12.0
Shields        | 4 5 7 |  7.6
Evocations     | 3 8 11 12 | 12.1

Action                   |  1- 3 |  4- 6 |  7- 9 | 10-12 | 13-15 | 16-18 || total
-------------------------+-------+-------+-------+-------+-------+-------++-------
Melee: War axe           |    88 |    63 |       |   300 |   286 |       ||   737
       Headbutt          |     7 |    12 |    72 |   110 |   181 |   127 ||   509
       Hand axe          |       |     9 |   317 |   144 |       |       ||   470
       Punch             |       |       |     2 |    13 |       |       ||    15
       Spear             |       |       |       |    86 |       |       ||    86
       Broad axe         |       |       |       |       |   500 |   456 ||   956
Throw: Throwing net      |       |       |     1 |       |       |       ||     1
       Dart              |       |       |     5 |    15 |    65 |    92 ||   177
       Javelin           |       |       |     2 |     3 |    15 |       ||    20
       Boomerang         |       |       |       |       |    66 |    16 ||    82
Invok: Heroism           |       |       |     1 |     5 |     4 |       ||    10
       Finesse           |       |       |       |     3 |     7 |     6 ||    16
Evoke: Wand              |       |       |     1 |       |     8 |     2 ||    11
       Condenser vane    |       |       |       |       |     2 |     2 ||     4
       Phial of floods   |       |       |       |       |       |     1 ||     1
 Stab: Distracted        |       |       |       |       |     2 |     1 ||     3
       Invisible         |       |       |       |       |       |     1 ||     1
Armor: Leather armour    |    21 |       |       |       |       |       ||    21
       Ring mail         |     3 |    24 |    33 |       |     7 |       ||    67
       Plate armour      |       |       |    93 |   186 |   185 |       ||   464
       Troll leather arm |       |       |       |    15 |       |       ||    15
       Scale mail        |       |       |       |       |    40 |       ||    40
       Chain mail        |       |       |       |       |    58 |   172 ||   230
       Acid dragon scale |       |       |       |       |       |    10 ||    10
Dodge: Dodged            |    63 |    38 |   106 |   171 |   285 |   163 ||   826
Block: Buckler           |       |       |       |       |   150 |   184 ||   334
